 Dungeon Crawl Stone Soup version 0.25-a0-413-g3b4b6a4ccc (console) character file.

Game seed: 14955266228457984208, levelgen mode: deterministic

86 Kagalorn the Sneak (level 4, -2/33 HPs)
             Began as a Human Assassin on Jan 15, 2020.
             Slain by an orc
             ... wielding a +0 short sword
              (8 damage)
             ... on level 3 of the Dungeon.
             The game lasted 00:05:36 (2323 turns).

Kagalorn the Sneak (Human Assassin)                 Turns: 2323, Time: 00:05:37

Health: -2/33      AC:  3    Str: 11    XL:     4   Next: 78%
Magic:  4/4        EV: 12    Int:  9    God:
Gold:   153        SH:  0    Dex: 15    Spells: 3/3 levels left

rFire    . . .     SeeInvis .   a - +2 dagger
rCold    . . .     Gourm    .   (no shield)
rNeg     . . .     Faith    .   b - +0 robe
rPois    .         Spirit   .   (no helmet)
rElec    .         Reflect  .   c - +0 cloak
rCorr    .         Harm     .   (no gloves)
MR       .....                  (no boots)
Stlth    +++.......             (no amulet)
HPRegen  0.11/turn              x - -3 ring of intelligence (curse)
MPRegen  0.09/turn              (no ring)

@: no status effects
A: no striking features
a: no special abilities


You were on level 3 of the Dungeon.
You were hungry.

You visited 1 branch of the dungeon, and saw 3 of its levels.

You collected 153 gold pieces.

Inventory:

Hand Weapons
 a - a +2 dagger (weapon)
Missiles
 d - 8 poisoned darts (quivered)
 e - 7 curare-tipped darts
 g - 48 stones
Armour
 b - a +0 robe (worn)
 c - a +0 cloak (worn)
 u - a scarf of spirit shield
Magical Staves
 w - an uncursed staff of wizardry
Jewellery
 x - a cursed -3 ring of intelligence (left hand)
Wands
 z - a wand of random effects (22)
Scrolls
 h - a scroll of fog
 j - a scroll of enchant armour {unknown}
 k - a scroll of remove curse
 l - 2 scrolls of identify {unknown}
 m - a scroll of random uselessness {unknown}
 n - a scroll of teleportation {unknown}
 s - a scroll of magic mapping {unknown}
 y - a scroll of enchant weapon {unknown}
Potions
 i - a potion of mutation {unknown}
 o - 2 potions of heal wounds {unknown}
 p - a potion of lignification {unknown}
 q - 2 potions of curing
 r - a potion of might {unknown}
 v - 2 potions of agility {unknown}
Comestibles
 f - 7 rations
 t - a chunk of flesh


   Skills:
 - Level 2.0 Fighting
 - Level 2.0 Short Blades
 - Level 2.0 Throwing
 - Level 1.0 Dodging
 * Level 6.1 Stealth


You had 3 spell levels left.
You didn't know any spells.
Your spell library was empty.

Dungeon Overview and Level Annotations

Branches:
Dungeon (3/15)

Altars:


Message History

You barely miss the orc.
The orc is severely wounded.
The orc hits you. The orc hits you with a +0 short sword. The orc hits you.
You barely miss the orc.
The orc is severely wounded.
The orc hits you. The orc closely misses you.
You hit the orc but do no damage.
The orc is severely wounded.
The orc hits you.
* * * LOW HITPOINT WARNING * * *
The orc hits you but does no damage.
As you read the scroll labeled YVECUW TITURI, it crumbles to dust.
The scroll dissolves into smoke.
It was a scroll of fog.
The orc hits you but does no damage. The orc closely misses you.
The orc hits you with a +0 short sword.
* * * LOW HITPOINT WARNING * * *
It was a potion of curing.
You feel better. The orc hits you.
* * * LOW HITPOINT WARNING * * *
The orc hits you with a +0 short sword!
You die...

####...).......
#..........#.##
#.##.....#.#.# #
##........# #..###.#.#
#..###o#.#########
#..##.#.....o....##
#..§o###.....o#...#.##
#.###@#.#####...o..>..
#.# ##o# ###...#.## ..
#§# #.## #.# ... .#
##. ## #


You could see 2 orcs.

Vanquished Creatures
  3 oozes
  3 leopard geckos
  5 orcs (D:3)
  4 bats
  2 giant cockroaches
  11 goblins
  9 hobgoblins
  8 jackals
  A quokka (D:1)
  A ball python (D:1)
  2 frilled lizards
  4 kobolds
  4 rats
57 creatures vanquished.

Notes
Turn   | Place    | Note
-------+----------+-------------------------------------------
     0 | D:1      | Kagalorn the Human Assassin began the quest for the Orb.
     0 | D:1      | Reached XP level 1. HP: 16/16 MP: 1/1
   189 | D:1      | Reached XP level 2. HP: 21/22 MP: 2/2
   536 | D:1      | Reached skill level 5 in Stealth
   536 | D:1      | Reached XP level 3. HP: 25/27 MP: 3/3
  1419 | D:2      | Reached XP level 4. HP: 27/33 MP: 4/4
  2212 | D:3      | Reached skill level 6 in Stealth
  2323 | D:3      | Slain by an orc

Levels and vault maps discovered:
D:1:      minmay_arrival_statue_studded, layout_loops_corners,
          serial_bayou_lagoon_a, lemuel_old_faithful
D:2:      layout_basic
D:3:      minmay_roachtagon, layout_loops_ring, bloody_trog, uniq_terence

Skill      XL: |  1  2  3  4 |
---------------+-------------+-----
Stealth        | 5 6 |  6.1
Fighting       | |  2.0
Short Blades   | |  2.0
Throwing       | |  2.0
Dodging        | |  1.0

Action                   |  1- 3 |  4- 6 || total
-------------------------+-------+-------++-------
Melee: Dagger            |   109 |   104 ||   213
  Use: Scroll            |       |     2 ||     2
       Potion            |       |     1 ||     1
 Stab: Sleeping          |     7 |     5 ||    12
  Eat: Chunk             |     1 |     3 ||     4
Armor: Robe              |    22 |    19 ||    41
Dodge: Dodged            |    80 |    77 ||   157

Table legend:
 A = Non-vault XP
 B = Vault XP
 C = Vault XP percentage of total XP
 D = Non-vault monster count
 E = Vault monster count
 F = Vault count percentage of total count
                 A         B        C        D         E       F
            +---------+---------+-------+---------+---------+-------
      Total |     124 |       0 |   0.0 |      57 |       0 |   0.0
            +---------+---------+-------+---------+---------+-------
        D:1 |      47 |       0 |   0.0 |      25 |       0 |   0.0
        D:2 |      43 |       0 |   0.0 |      21 |       0 |   0.0
        D:3 |      34 |       0 |   0.0 |      11 |       0 |   0.0
            +---------+---------+-------+---------+---------+-------
